 Dungeon Crawl Stone Soup version 0.30-b1-2-g02819fbbbe (webtiles) character file.

Game seed: 8197586534384363039

114 dorian the Insei (level 4, -6/29 HPs)
             Began as an Octopode Transmuter on May 13, 2023.
             Killed by divine providence
             ... invoked by an orc priest
              (13 damage)
             ... on level 3 of the Dungeon.
             The game lasted 00:02:38 (1784 turns).

dorian the Insei (Octopode Transmuter)              Turns: 1784, Time: 00:02:39

Health: -6/29      AC:  1    Str:  9    XL:     4   Next: 97%
Magic:  7/7        EV: 13    Int: 17    God:
Gold:   182        SH:  0    Dex: 12    Spells: 4/7 levels left

rFire   . .          .
                       - Unarmed
rCold   . . .        (no shield)
rNeg    . . .        i - melded +2 hat
rPois   .            (no amulet)
rElec   .            (no ring)
rCorr   .            (no ring)
SInv    .            (no ring)
Will    .....        (no ring)
Stlth   ++           (no ring)
HPRegen 0.24/turn    (no ring)
MPRegen 0.10/turn    (no ring)
                     (no ring)

%: no passive effects
@: appendages
A: tentacle spike 3, almost no armour, amphibious, 8 rings, camouflage 1,
gelatinous body 1, (nimble swimmer 1), tentacles
a: End Transformation


You were on level 3 of the Dungeon.
One of your tentacles had grown a beastly spike.
You visited 1 branch of the dungeon, and saw 3 of its levels.

You collected 182 gold pieces.

Inventory:

Armour
 i - a +2 hat (melded)
Wands
 e - a wand of mindburst (11)
 h - a wand of acid (11)
Scrolls
 b - a scroll of magic mapping {unknown}
 d - 2 scrolls of identify
Potions
 a - 2 potions of lignification
 c - a potion of magic
 f - a potion of attraction


   Skills:
 + Level 2.2 Fighting
 - Level 2.0 Dodging
 * Level 4.4 Unarmed Combat
 - Level 2.0 Spellcasting
 + Level 2.9 Transmutations


You had 4 spell levels left.
You knew the following spells:

 Your Spells              Type           Power      Damage    Failure   Level
a - Beastly Appendage     Tmut           22%        N/A       6%          1
b - Wereblood             Tmut           11%        N/A       9%          2

Your spell library contained the following spells:

 Spells                   Type           Power      Damage    Failure   Level
 Summon Small Mammal      Summ           4%         N/A       19%         1
 Poisonous Vapours        Pois/Air       2%         N/A       28%         2
 Spider Form              Tmut/Pois      6%         N/A       32%         3
 Call Canine Familiar     Summ           1%         N/A       50%         3
 Mephitic Cloud           Conj/Pois/Air  1%         N/A       50%         3
 Summon Guardian Golem    Hex/Summ       1%         N/A       50%         3
 Ice Form                 Ice/Tmut       6%         N/A       71%         4
 Freezing Cloud           Conj/Ice/Air   0%         6-21      99%         5


Dungeon Overview and Level Annotations

Branches:
Dungeon (3/15)

Altars:


Innate Abilities, Weirdness & Mutations

One of your tentacles has grown a beastly spike.
You cannot wear most types of armour.
You are amphibious.
You can wear up to eight rings at the same time.
Your skin changes colour to match your surroundings (Stealth+).
Your rubbery body absorbs attacks. (AC +1, EV +1)
((You are camouflaged when in or above water. (Stealth+)))
You have tentacles for arms and can constrict up to eight enemies at once.


Message History

Your transformation is almost over.
c - 2 golden potions You see here a +0 leather armour.
Your tentacle spike disappears.
Your +2 hat unmelds from your body.
Found 7 stones.
You pick up a book of Callings and begin reading...
You add the spells Summon Small Mammal, Call Canine Familiar and Summon Guardian Golem to your library.
You now have 182 gold pieces (gained 12).
Found a chain mail.
Found a stone staircase leading down.
Key pressed, stopping explore.
You see here a +0 chain mail.
There is a stone staircase leading down here.
An orc priest comes into view. It is wielding a +0 flail.
Casting: Beastly Appendage (safe; 6% risk of failure)
Confirm with . or Enter, or press ? or * to list all spells.
One of your tentacles grows a vicious spike.
Your +2 hat melds into your body.
The orc priest looks satisfied for a moment. 3 orcs come into view.
The orc priest calls down the wrath of Beogh upon you.
Beogh smites you!
The orc shouts!
An orc priest comes into view. It is wielding a +0 hand axe.
The orc shouts!
The orc priest looks braver for a moment.
The orc priest invokes the aid of Beogh against you.
Pain shoots through your body!
You tentacle-slap the orc priest but do no damage.
Your grab misses the orc priest. Your squeeze misses the orc priest.
The orc priest hits you with a +0 flail!
* * * LOW HITPOINT WARNING * * *
Okay, then.
It was a potion of magic.
Magic courses through your body.
The orc priest hits you with a +0 flail.
* * * LOW HITPOINT WARNING * * *
The orc priest mumbles some strange prayers to Beogh against you.
Beogh smites you!
You die...

.....................# .....
#####...........##...## .....
###.#####............ ##### #.#
#.####...#### ####.#####.####...#
#.##### #..........#....###
#......
####.##########....##############
....>............................
###############.@..### ####.#.# #
#ooo.# #.#.# # #.o...# ##.#.# #
#........ #..... # #....#....#
#..... # #...o#....#. #..... #
#....# ...#. #..... # #....#
..#.##..... # #..#.....


You could see 2 orc priests and 3 orcs.

Vanquished Creatures
  4 gnolls (D:3)
  2 adders
  4 dart slugs
  2 worms (D:2)
  A ball python (D:2)
  5 endoplasms
  A giant cockroach (D:2)
  6 goblins
  5 hobgoblins
  3 bats
  5 frilled lizards
  6 kobolds
  2 rats
46 creatures vanquished.

Notes
Turn   | Place    | Note
-------+----------+-------------------------------------------
     0 | D:1      | dorian the Octopode Transmuter began the quest for the Orb.
     0 | D:1      | Reached XP level 1. HP: 13/13 MP: 3/3
   136 | D:1      | Reached XP level 2. HP: 18/18 MP: 3/5
   173 | D:1      | Learned a level 2 spell: Wereblood
   761 | D:2      | Reached XP level 3. HP: 15/23 MP: 4/6
  1311 | D:2      | Reached skill level 4 in Unarmed Combat
  1417 | D:2      | Reached XP level 4. HP: 27/29 MP: 5/7
  1784 | D:3      | Killed from afar by an orc priest

Illustrated notes

Levels and vault maps discovered:
D:1:      nzn_arrival_crosshair, layout_basic, roderic_roman_lattice
D:2:      kennysheep_big_flooded_room, layout_basic, kennysheep_generic_room_3
D:3:      layout_basic

Skill      XL: |  1  2  3  4 |
---------------+-------------+-----
Unarmed Combat | 4 |  4.4
Fighting       | 2 |  2.2
Dodging        | |  2.0
Spellcasting   | |  2.0
Transmutations | |  2.9

Action                     |  1- 3 |  4- 6 || total
---------------------------+-------+-------++-------
  Melee: Unarmed           |    71 |    18 ||    89
         Kick              |    20 |     4 ||    24
         Constrict         |    18 |     1 ||    19
         Tentacles         |    15 |     1 ||    16
         Punch             |     1 |       ||     1
   Cast: Beastly Appendage |    24 |     6 ||    30
  Evoke: Wand              |       |     5 ||     5
    Use: Scroll            |       |     5 ||     5
         Potion            |       |     1 ||     1
   Stab: Sleeping          |     3 |       ||     3
 Armour: Skin              |     3 |     1 ||     4
  Dodge: Dodged            |    44 |     9 ||    53
